 Dungeon Crawl Stone Soup version 0.30-a0-476-g330ca2eb8e (webtiles) character file.

Game seed: 17469348425851490124

2706 Raultor the Changer (level 9, -3/69 HPs)
             Began as an Octopode Transmuter on Dec 21, 2022.
             Slain by an orc warrior
             ... wielding a +0 glaive
              (24 damage)
             ... in a bailey.
             The game lasted 00:20:52 (7488 turns).

Raultor the Changer (Octopode Transmuter)           Turns: 7488, Time: 00:20:53

Health: -3/69      AC: 12    Str:  9    XL:     9   Next: 65%
Magic:  14/15      EV: 10    Int: 20    God:
Gold:   416        SH:  5    Dex: 12    Spells: 5/16 levels left

rFire   x . .      SeeInvis .      - Unarmed
rCold   + + +      Faith    .    (shield currently unavailable)
rNeg    . . .      Spirit   .    (helmet currently unavailable)
rPois   +          Reflect  +    q - amulet of reflection
rElec   .          Harm     .    T - +4 ring of protection
rCorr   .          Rampage  .    Y - +4 ring of slaying
Will    .....                    (no ring)
Stlth   +.........               (no ring)
HPRegen 0.31/turn                (no ring)
MPRegen 0.14/turn                (no ring)
                                 (no ring)
                                 (no ring)

@: ice-form
A: freezing attack, boosted hp, almost no armour, amphibious, 8 rings, large,
(camouflage 1), (gelatinous body 1), (nimble swimmer 1), (tentacles)
a: End Transformation


You were in a bailey.
You were a creature of crystalline ice.
You visited 2 branches of the dungeon, and saw 8 of its levels.
You also visited: Bailey.

You collected 416 gold pieces.


Innate Abilities, Weirdness & Mutations

You are a creature of crystalline ice.
You have a powerful freezing melee attack.
Your maximum health is increased.
Your armour is entirely melded.
You are incapable of wielding weapons or throwing items.
You cannot wear most types of armour.
You are amphibious.
You can wear up to eight rings at the same time.
((Your skin changes colour to match your surroundings (Stealth+).))
((Your rubbery body absorbs attacks. (AC +1, EV +1)))
((You are camouflaged when in or above water. (Stealth+)))
((You have tentacles for arms and can constrict up to eight enemies at once.))


   Skills:
 + Level 4.1 Fighting
 - Level 2.0 Dodging
 + Level 5.0 Unarmed Combat
 + Level 4.1 Spellcasting
 + Level 3.7 Hexes
 * Level 7.9 Transmutations
 - Level 6.2 Ice Magic


You had 5 spell levels left.
You knew the following spells:

 Your Spells              Type           Power      Damage    Failure   Level
b - Beastly Appendage     Tmut           72%        N/A       1%          1
c - Ice Form              Ice/Tmut       32%        N/A       7%          4
s - Slow                  Hex            76%        N/A       2%          1
t - Confusing Touch       Hex            19%        N/A       9%          3
w - Wereblood             Tmut           36%        N/A       1%          2

Your spell library contained the following spells:

 Spells                   Type           Power      Damage    Failure   Level
 Spider Form              Tmut/Pois      20%        N/A       8%          3
 Yara's Violent Unravell  Hex/Tmut       13%        3d7       32%         5
 Vampiric Draining        Necr           4%         2d6       36%         3
 Vhi's Electric Charge    Tloc/Air       8%         N/A       36%         3
 Animate Dead             Necr           4%         N/A       77%         4
 Arcjolt                  Conj/Air       2%         1d12      98%         5
 Borgnjor's Vile Clutch   Necr/Erth      2%         N/A       98%         5
 Death Channel            Necr           2%         N/A       100%        6
 Enfeeble                 Hex            9%         N/A       100%        7
 Maxwell's Capacitive Co  Air            2%         ∞         100%        8

Inventory:

Magical Staves
 g - a staff of earth {!a}
Jewellery
 o - an amulet of guardian spirit
 q - an amulet of reflection (around neck)
 T - a +4 ring of protection (left front paw)
 Y - a +4 ring of slaying (right front paw)
Scrolls
 a - 2 scrolls of amnesia {unknown}
 c - a scroll of silence {unknown}
 d - 3 scrolls of vulnerability {unknown}
 h - a scroll of enchant armour {unknown}
 i - 3 scrolls of enchant weapon {unknown}
 k - 6 scrolls of identify {unknown}
 n - a scroll of fear {unknown}
 r - 2 scrolls of teleportation {unknown}
 t - a scroll of magic mapping {unknown}
 u - 2 scrolls of immolation {unknown}
 v - a scroll of torment {unknown}
 w - a scroll of blinking {unknown}
Potions
 b - 2 potions of heal wounds {unknown}
 e - a potion of attraction
 f - 2 potions of haste {unknown}
 j - 2 potions of brilliance {unknown}
 l - a potion of resistance {unknown}
 m - a potion of magic {unknown}
 p - a potion of ambrosia {unknown}
 s - a potion of curing {@q1}
 x - 2 potions of flight {unknown}
 z - 2 potions of mutation {unknown}

Dungeon Overview and Level Annotations

Branches:
Dungeon (7/15)             Temple (1/1) D:4          Bailey (1/1)

Altars:
Cheibriados
Dithmenos
Elyvilon
Hepliaklqana
Makhleb
Nemelex Xobeh
Qazlal
Ru
Sif Muna
Trog
Uskayaw
Vehumet
Wu Jian
Xom
Yredelemnul
Zin

Shops:
D:1 =   D:4 (

Annotations:
D:4 1 runed translucent door, Crazy Yiuf

###............#
♣♣............♣.#
#♣..♣.♣.......♣♣.###
#≈≈.)..............♣♣
#≈≈≈.)..▒....▒ooo...♣♣
#≈≈≈≈≈≈≈▒..o.▒≈≈≈≈...♣
#≈≈≈≈≈≈≈▒.o..▒≈≈≈≈≈≈.♣
#≈≈≈≈≈≈≈▒....▒≈≈≈≈≈≈≈♣♣#
#♣♣≈≈≈≈≈▒....▒≈≈Y≈≈≈≈≈≈#
♣♣♣oo)▒...o▒.o.≈≈≈≈≈≈#
♣....♣............≈≈≈≈#
#...................≈≈≈#
#..▒▒▒▒........▒▒▒▒..≈≈#
##.▒$.▒▒▒▒''▒▒▒▒.$▒♣♣♣♣#
# ▒...o..........▒
▒▒..o8....8...▒▒
▒..▒▒▒▒▒▒▒▒..▒


You could see an orc knight, 2 orc warriors and an orc (strong).


Message History

The orc goes into a battle-frenzy!
The orc knight roars a battlecry!
Things that are here:
a +0 spear; a +0 chain mail; an orc corpse You enter the deep water.
An orc warrior comes into view. It is wielding a +0 glaive.
The orc warrior completely misses you. The orc warrior barely misses you.
You hit the orc warrior. You freeze the orc warrior.
The orc warrior is lightly wounded.
The orc warrior hits you with a +0 glaive!!
You punch the orc warrior! You freeze the orc warrior.
The orc warrior is heavily wounded.
The orc warrior no longer looks unusually strong.
The orc warrior hits you with a +0 glaive!
* * * LOW HITPOINT WARNING * * *
You hit the orc warrior but do no damage.
The orc warrior is heavily wounded.
The orc warrior hits you with a +0 glaive.
* * * LOW HITPOINT WARNING * * *
You barely miss the orc warrior.
The orc warrior is heavily wounded.
You block the orc warrior's attack.
You barely miss the orc warrior.
The orc warrior is heavily wounded.
The orc warrior closely misses you.
You hit the orc warrior. You freeze the orc warrior.
The orc warrior is severely wounded.
The orc warrior hits you with a +0 glaive!!
You die...

Skill      XL: |  1  2  3  4  5  6  7  8  9 |
---------------+----------------------------+-----
Ice Magic      | 1 2 3 4 5 6 |  6.2
Transmutations | 3 4 5 6 7 |  7.9
Hexes          | 1 2 3 |  3.7
Fighting       | 3 4 |  4.1
Spellcasting   | 3 4 |  4.1
Unarmed Combat | 4 5 |  5.0
Dodging        | |  2.0

Action                   |  1- 3 |  4- 6 |  7- 9 || total
-------------------------+-------+-------+-------++-------
Melee: Unarmed           |   104 |   152 |   185 ||   441
       Constrict         |    34 |    40 |     4 ||    78
       Tentacles         |    21 |    33 |     4 ||    58
       Kick              |    17 |    19 |     4 ||    40
       Punch             |     2 |     4 |     1 ||     7
 Cast: Beastly Appendage |    13 |    12 |     3 ||    28
       Wereblood         |     1 |     1 |     5 ||     7
       Ice Form          |       |     2 |    16 ||    18
       Confusing Touch   |       |       |     1 ||     1
  Use: Potion            |       |     5 |       ||     5
 Stab: Sleeping          |     5 |     8 |       ||    13
Armor: Skin              |    12 |    44 |    52 ||   108
Dodge: Dodged            |    52 |    66 |    84 ||   202
Block: Other             |       |       |    39 ||    39
       Reflection        |       |       |     1 ||     1

Levels and vault maps discovered:
D:1:      erik_arrival_cave_to_civilisation [erik_arrival_cave_to_hall],
          layout_basic, serial_shops, shop, minmay_ruptured
D:2:      layout_basic, hellmonk_ecumenical_altar_lost_god, minivault_4,
          uniq_sigmund, uniq_robin
D:3:      layout_basic, marbit_many_paths
D:4:      layout_loops_ring, temple_statues, serial_shops, kennysheep_mini_moat,
          uniq_crazy_yiuf_cottage
D:5:      layout_rooms, mrwooster_statue_mirror
D:6:      layout_basic
D:7:      layout_rooms, enter_bailey_3
Temple:   hellmonk_temple_of_storms
Bailey:   bailey_polearm_elven_captive_hellmonk, bailey

Notes
Turn   | Place    | Note
-------+----------+-------------------------------------------
     0 | D:1      | Raultor the Octopode Transmuter began the quest for the
                  | Orb.
     0 | D:1      | Reached XP level 1. HP: 13/13 MP: 3/3
    64 | D:1      | Reached skill level 1 in Ice Magic
    64 | D:1      | Reached XP level 2. HP: 6/18 MP: 5/5
   221 | D:1      | Learned a level 2 spell: Wereblood
   366 | D:1      | Reached XP level 3. HP: 23/23 MP: 6/6
   461 | D:1      | Found Eheix's Jewellery Emporium.
   622 | D:1      | Reached skill level 2 in Ice Magic
   625 | D:1      | Reached skill level 3 in Transmutations
  1570 | D:2      | Noticed Robin
  1582 | D:2      | Killed Robin
  1583 | D:2      | Reached XP level 4. HP: 28/28 MP: 4/7
  1633 | D:2      | Learned a level 4 spell: Ice Form
  1710 | D:2      | Noticed Sigmund
  1922 | D:3      | Reached skill level 3 in Ice Magic
  1922 | D:3      | Reached XP level 5. HP: 29/33 MP: 5/8
  1930 | D:3      | Reached skill level 4 in Transmutations
  2683 | D:3      | Found a snail-covered altar of Cheibriados.
  3293 | D:4      | Reached XP level 6. HP: 35/38 MP: 9/9
  3399 | D:2      | Found a faded altar of an unknown god.
  3706 | D:2      | Reached skill level 4 in Ice Magic
  4078 | D:2      | Killed Sigmund
  4079 | D:2      | Reached skill level 5 in Transmutations
  4346 | D:4      | Found a runed translucent door.
  4347 | D:4      | Noticed Crazy Yiuf
  4671 | D:4      | Found Osimahia's Weapon Shop.
  4779 | D:4      | Reached XP level 7. HP: 42/43 MP: 8/10
  4781 | D:4      | Learned a level 1 spell: Slow
  4891 | D:4      | Found a staircase to the Ecumenical Temple.
  5116 | Temple   | Entered the Ecumenical Temple
  5294 | D:5      | Entered Level 5 of the Dungeon
  5345 | D:5      | Reached skill level 5 in Ice Magic
  5453 | D:5      | Reached skill level 1 in Hexes
  5599 | D:5      | Reached XP level 8. HP: 50/50 MP: 8/11
  5674 | D:5      | Reached skill level 2 in Fighting
  5763 | D:5      | Reached skill level 6 in Transmutations
  6274 | D:6      | Reached skill level 2 in Hexes
  6380 | D:6      | Reached skill level 3 in Spellcasting
  6380 | D:6      | Reached skill level 6 in Ice Magic
  6385 | D:6      | Reached skill level 4 in Unarmed Combat
  6810 | D:6      | Reached skill level 3 in Fighting
  6959 | D:7      | Reached XP level 9. HP: 56/56 MP: 9/14
  7003 | D:7      | Reached skill level 7 in Transmutations
  7051 | D:7      | Reached skill level 3 in Hexes
  7260 | D:7      | Reached skill level 4 in Spellcasting
  7268 | D:7      | Found a flagged portal.
  7280 | Bailey   | Entered a bailey
  7398 | Bailey   | Reached skill level 4 in Fighting
  7398 | Bailey   | Reached skill level 5 in Unarmed Combat
  7404 | Bailey   | Learned a level 3 spell: Confusing Touch
  7469 | Bailey   | Noticed an orc knight
  7488 | Bailey   | Slain by an orc warrior

Vanquished Creatures
  Sigmund (D:2)
  2 water moccasins
  3 orc warriors (Bailey)
  A black bear (D:7)
  3 centaurs
  An ice beast (D:6)
  An ogre (D:5)
  2 phantoms (D:6)
  A necrophage (D:7)
  A bullfrog (D:7)
  A gnoll sergeant (D:6)
  3 scorpions
  6 wights (D:7)
  A howler monkey (D:3)
  5 hounds
  A gnoll bouda (D:3)
  An orc priest (D:5)
  3 jellies
  3 iguanas
  An orc wizard (D:5)
  Robin (D:2)
  5 adders
  6 gnolls
  2 shadow imps (D:6)
  2 white imps (D:7)
  An ufetubus (D:5)
  3 worms
  2 dart slugs
  14 orcs
  7 bats
  10 endoplasms
  5 giant cockroaches
  15 goblins
  15 hobgoblins
  14 jackals
  2 quokkas (D:1)
  7 ball pythons
  2 frilled lizards
  15 kobolds
  3 rats (D:1)
172 creatures vanquished.

Table legend: (Time is in decaauts)
 A = Elapsed time spent in this place.
 B = Non-inter-level travel time spent in this place.
 C = Inter-level travel time spent in this place.
 D = Time resting spent in this place.
 E = Time spent auto-exploring this place.
 F = Levels seen in this place.
 G = Mean time per level.
                   A        B        C        D        E       F      G
               +--------+--------+--------+--------+--------+-----+--------+
         Total |   7471 |   6947 |    524 |    304 |   5182 |   9 |  830.1 |
       Dungeon |   7225 |   6710 |    515 |    304 |   5108 |   7 | 1032.1 |
        Temple |     39 |     30 |      9 |      0 |      0 |   1 |   39.0 |
        Bailey |    205 |    205 |      0 |      0 |     74 |   1 |  205.0 |
               +--------+--------+--------+--------+--------+-----+--------+

Top non-repeatable levels by time:
     D:3: 1554 daAuts
     D:1: 1500 daAuts
     D:4: 1148 daAuts
     D:2: 1047 daAuts
     D:5: 880 daAuts
     D:6: 769 daAuts
     D:7: 324 daAuts
  Bailey: 205 daAuts
  Temple: 39 daAuts

Table legend:
 A = Non-vault XP
 B = Vault XP
 C = Vault XP percentage of total XP
 D = Non-vault monster count
 E = Vault monster count
 F = Vault count percentage of total count
                 A         B        C        D         E       F
            +---------+---------+-------+---------+---------+-------
      Total |    3180 |     686 |  17.7 |     142 |      30 |  17.4
            +---------+---------+-------+---------+---------+-------
        D:1 |      57 |      12 |  17.4 |      32 |       7 |  17.9
        D:2 |      41 |     261 |  86.4 |      19 |      12 |  38.7
        D:3 |     172 |       3 |   1.7 |      26 |       1 |   3.7
        D:4 |     104 |       0 |   0.0 |      10 |       0 |   0.0
        D:5 |     927 |       0 |   0.0 |      19 |       0 |   0.0
        D:6 |     748 |       0 |   0.0 |      19 |       0 |   0.0
        D:7 |    1131 |       8 |   0.7 |      17 |       4 |  19.0
     Bailey |       0 |     402 | 100.0 |       0 |       6 | 100.0
            +---------+---------+-------+---------+---------+-------
